Map: Orbital Shipyard

Players

Hershel - Winner!

  • Race: Zerg Zerg

Miltreta

  • Race: Terran Terran
  • League: Bronze

VOD

Have the link to the VOD?

Description

Time

  • Played on: March 17, 2016, 9:49 p.m.
  • Length: 20:10
Show
View Real Time Build Order
Export as new Build Order

Hershel Zerg - Winner!

Build Orders: Pool First 

Get SALT Encoding   

  12  0:01  Drone  
  13  0:08  Drone  
  14  0:17  Overlord  
  14  0:27  Extractor  
  13  0:28  Drone, Extractor  
  13  0:30  Drone  
  16  0:37  Drone  
  17  0:48  Spawning Pool  
  16  0:51  Drone  
  16  0:55  Extractor  
  16  0:57  Drone  
  17  1:06  Drone  
  18  1:19  Drone  
  19  1:26  Hatchery  
  19  1:31  Drone  
  19  1:39  Overlord  
  19  1:50  Zergling x2  
  20  1:56  Queen  
  22  2:03  Zergling x2  
  23  2:19  Drone  
  24  2:26  Zergling x2  
  25  2:44  Metabolic Boost  
  25  2:57  Drone x2  
  25  2:58  Drone x2  
  31  3:05  Drone x2  
  31  3:11  Zergling x4, Extractor  
  31  3:12  Extractor  
  31  3:19  Queen x2  
  35  3:21  Overlord  
  35  3:23  Zergling x2  
  36  3:37  Roach Warren  
  35  3:49  Zergling x10  
  35  3:51  Overlord  
  40  3:56  Drone  
  40  3:59  Drone  
  40  4:02  Drone  
  43  4:14  Overlord  
  43  4:16  Zergling x4  
  45  4:25  Zergling x2  
  45  4:29  Queen  
  43  4:45  Roach x3  
  49  4:50  Drone x3  
  52  4:57  Overlord  
  52  5:02  Drone  
  52  5:03  Drone  
  54  5:20  Roach x4  
  62  5:42  Roach x2, Zergling x4  
  64  6:03  Zergling x2  
  64  6:04  Zergling x4  
  67  6:09  Overlord x2  
  67  6:10  Overlord  
  67  6:13  Lair  
  67  6:19  Overlord x2  
  67  6:20  Overlord  
  67  6:27  Extractor  
  66  6:33  Drone x2  
  66  6:34  Drone  
  69  6:52  Drone x3  
  72  6:58  Zergling x2  
  72  6:59  Zergling x6, Roach x2  
  80  7:15  Roach x3  
  86  7:38  Zergling x8, Roach x2  
  86  7:39  Roach  
  96  7:50  Drone x2  
  96  7:51  Drone  
  98  7:56  Infestation Pit  
  98  7:57  Hydralisk Den  
  96  8:01  Evolution Chamber  
  96  8:03  Drone x6, Evolution Chamber  
  100  8:06  Drone  
  101  8:16  Hatchery  
  100  8:23  Spore Crawler  
  100  8:24  Spore Crawler  
  96  8:30  Glial Reconstitution  
  96  8:32  Zerg Ground Armor Level 1  
  96  8:33  Zerg Melee Weapons Level 1  
  96  8:38  Drone x3  
  99  8:52  Zergling x2, Hydralisk  
  99  8:53  Zergling x4, Roach x2  
  96  9:13  Zergling x6  
  96  9:14  Zergling x8  
  103  9:17  Overlord x3  
  103  9:33  Drone  
  103  9:34  Drone x3  
  107  9:42  Muscular Augments  
  107  10:02  Drone x3  
  107  10:06  Spire x2  
  107  10:07  Hive  
  108  10:10  Zergling x2, Hydralisk x3  
  108  10:11  Roach x3, Zergling x2  
  120  10:47  Zerg Missile Weapons Level 1  
  120  10:48  Zerg Ground Armor Level 2  
  120  11:00  Zergling x2, Hydralisk x3, Roach  
  120  11:01  Zergling x6, Roach x3  
  138  11:04  Overlord x4  
  138  11:06  Overseer x2  
  138  11:29  Mutalisk x4  
  138  11:30  Mutalisk x5  
  135  11:53  Zergling x2, Hydralisk x2  
  135  11:54  Roach x2, Zergling x10  
  146  11:55  Zergling x6  
  149  12:16  Mutalisk  
  107  12:31  Hydralisk x2  
  107  12:32  Zergling x8, Roach x2  
  115  12:41  Roach  
  112  12:59  Hydralisk x2  
  112  13:00  Roach x2, Zergling x4  
  109  13:26  Hydralisk  
  109  13:27  Zergling x4, Hydralisk x2, Roach x3  
  97  13:40  Zergling x4, Hydralisk, Roach  
  85  14:01  Zergling x4, Hydralisk x2, Roach  
  85  14:02  Roach  
  86  14:10  Burrow  
  86  14:13  Zergling x6  
  63  14:54  Hydralisk x3  
  63  14:55  Roach x3, Zergling x6  
  74  15:24  Queen  
  76  15:39  Hydralisk x3  
  82  15:54  Spore Crawler  
  82  15:55  Spore Crawler  
  82  15:56  Spore Crawler  
  79  15:57  Spore Crawler  
  78  16:49  Extractor  
  69  17:17  Hydralisk  
  69  17:18  Zergling x4, Hydralisk x2, Roach x2  
  69  17:19  Zergling x10, Roach x2  
  69  17:20  Zergling x6  
  93  17:33  Drone  
  94  17:38  Extractor x2  
  94  17:39  Drone x2  
  94  17:41  Overlord x5  
  80  19:02  Overseer  
  80  19:03  Overseer  
  80  19:04  Overseer x2  
  80  19:38  Roach  
  82  19:46  Spire  
  82  19:47  Drone x2, Spire  
  82  19:48  Drone x3  
Show
View Real Time Build Order
Export as new Build Order

Miltreta Terran 

Build Orders: Mech 

Get SALT Encoding   

  12  0:01  SCV  
  13  0:18  SCV  
  13  0:19  Supply Depot  
  14  0:26  Refinery  
  14  0:42  SCV  
  15  0:45  Barracks  
  15  0:59  Supply Depot  
  15  1:10  SCV  
  16  1:26  SCV  
  16  1:30  Refinery  
  17  1:33  Reaper  
  18  1:49  SCV  
  19  2:01  Factory  
  19  2:12  Barracks Reactor  
  18  3:00  Barracks Tech Lab, Engineering Bay  
  18  3:06  Factory  
  18  3:07  Orbital Command  
  18  3:13  Hellion x2  
  22  3:34  SCV  
  22  3:35  Starport  
  23  3:42  Hellion  
  23  3:43  Hellion  
  27  3:54  Factory Reactor  
  27  3:57  Marine  
  28  4:08  Factory  
  28  4:15  Marine  
  29  4:18  Hellion  
  31  4:27  Supply Depot  
  31  4:28  Supply Depot  
  31  4:34  Hellion  
  27  4:43  Hellion x2  
  27  4:44  Hellion  
  31  5:05  Infernal Pre-Igniter  
  31  5:08  Supply Depot  
  31  5:09  Marine, Supply Depot  
  32  5:37  Viking  
  32  5:59  Barracks Tech Lab  
  32  6:04  Hellion x3  
  36  6:05  Hellion  
  40  6:14  Starport Tech Lab  
  40  6:31  Siege Tank  
  43  6:48  Command Center  
  43  6:54  Banshee  
  46  7:02  Hellion  
  46  7:03  Hellion  
  50  7:33  Hellion x2  
  50  7:34  Hellion x2  
  50  7:35  Starport  
  58  7:53  Banshee  
  61  8:04  Siege Tank  
  64  8:10  Hellion  
  64  8:11  Hellion  
  66  8:36  Siege Tank  
  69  8:58  Hellion x2  
  73  9:08  Siege Tank  
  76  9:10  Supply Depot  
  76  9:11  Supply Depot x2  
  74  9:32  Starport Reactor, Cloaking Field  
  74  9:38  Banshee  
  77  10:12  Medivac x2  
  81  10:15  Hellion  
  81  10:16  Hellion x3  
  81  10:17  Siege Tank  
  81  11:49  Viking x2  
  81  12:10  Hellion x4  
  81  12:11  Siege Tank  
  81  12:13  Banshee  
  57  13:30  Marine  
  57  13:33  Hellion x3  
  41  13:48  Marine  
  39  14:06  Marine  
  19  14:53  Widow Mine  
  15  15:36  Widow Mine x2  
  15  15:37  Widow Mine x2  
  15  15:42  SCV x2  
  12  18:37  Viking  
  12  18:38  Barracks Reactor  
  14  18:45  Missile Turret  
  14  18:47  Missile Turret  
  12  19:39  Marine  
  12  19:41  SCV  
  14  19:53  SCV  
Tags
 
Composition
Mech
League
Bronze
Matchup
TvZ
Opening
Pool First
Add a new tag
Caveats
  • Supply blocks, unpowered buildings, or Contaminate may cause inaccurate times.
  • Supply counts are checked every 10 seconds.